 Dungeon Crawl Stone Soup version 0.26-a0-1213-gd52f5182fe (webtiles) character file.

Game seed: 8124729740377964241

485 sokol815 the Cutter (level 7, -9/41 HPs)
             Began as an Octopode Enchanter on Dec 30, 2020.
             Was an Initiate of Gozag.
             Mangled by an orc warrior
             ... wielding a +0 glaive
              (17 damage)
             ... on level 4 of the Dungeon.
             The game lasted 00:11:48 (4873 turns).

sokol815 the Cutter (Octopode Enchanter)            Turns: 4873, Time: 00:11:49

Health: -9/41      AC:  5    Str:  8    XL:     7   Next: 13%
Magic:  7/10       EV: 13    Int: 19    God:    Gozag
Gold:   182        SH:  0    Dex: 12    Spells: 6/10 levels left

rFire    . . .     SeeInvis .   a - +2 dagger
rCold    + . .     Faith    .   (no shield)
rNeg     . . .     Spirit   .   o - +0 hat
rPois    .         Reflect  .   (no amulet)
rElec    .         Harm     .   l - +4 ring of protection
rCorr    .         Rampage  .   h - ring of protection from cold {rC+, !d}
Will     .....                  (no ring)
Stlth    +++.......             (no ring)
HPRegen  0.13/turn              (no ring)
MPRegen  0.12/turn              (no ring)
                                (no ring)
                                (no ring)

@: no status effects
A: almost no armour, stealthy swim, amphibious, 8 rings, constrict 8, camouflage
1, gelatinous body 1
a: Renounce Religion, Potion Petition, Call Merchant, Bribe Branch


You were on level 4 of the Dungeon.
You worshipped Gozag.
Gozag was aware of your devotion.
You visited 2 branches of the dungeon, and saw 6 of its levels.

You collected 263 gold pieces.
You paid 81 gold pieces to Gozag.

Inventory:

Hand Weapons
 a - a +2 dagger (weapon)
 c - a +4 hunting sling of freezing
   (You took it off a goblin on level 2 of the Dungeon)
 g - a +0 spear
   (You took it off a gnoll on level 2 of the Dungeon)
Missiles
 d - 186 stones
 p - 22 sling bullets
Armour
 o - a +0 hat (worn)
   (You found it on level 4 of the Dungeon)
Jewellery
 h - a ring of protection from cold (right tentacle) {rC+, !d}
   (You took it off a gnoll on level 2 of the Dungeon)
 l - a +4 ring of protection (left tentacle)
   (You found it on level 2 of the Dungeon)
Wands
 b - a wand of random effects (6)
   (You found it on level 3 of the Dungeon)
Scrolls
 e - a scroll of amnesia
 k - a scroll of teleportation
Potions
 f - 2 potions of curing
 i - a potion of magic {unknown}
 j - 2 potions of mutation {!q}
 m - a potion of might {unknown}
 n - a potion of berserk rage {!q}


   Skills:
 + Level 5.1 Short Blades
 - Level 2.0 Dodging
 - Level 4.0 Stealth
 - Level 2.0 Spellcasting
 * Level 2.7 Conjurations
 - Level 5.0 Hexes


You had 6 spell levels left.
You knew the following spells:

 Your Spells              Type           Power        Failure   Level
a - Dazzling Flash        Conj/Hex       32%          11%         3
v - Corona                Hex            22%          2%          1

Your spell library contained the following spells:

 Spells                   Type           Power        Failure   Level
 Confusing Touch          Hex            20%          6%          3
 Tukima's Dance           Hex            20%          6%          3
 Ensorcelled Hibernation  Hex/Ice        22%          9%          2


Dungeon Overview and Level Annotations

Branches:
Dungeon (5/15)             Temple (1/1) D:4

Altars:
Ashenzari
Cheibriados
Dithmenos
Fedhas
Gozag
Hepliaklqana
Kikubaaqudgha
Makhleb
Nemelex Xobeh
Okawaru
Qazlal
Ru
Uskayaw
Vehumet
Wu Jian
Xom
Yredelemnul
Zin
The Shining One


Innate Abilities, Weirdness & Mutations

You cannot wear most types of armour.
You are very stealthy in the water. (Stealth+)
You are amphibious.
You can wear up to eight rings at the same time.
You can use your tentacles to constrict eight enemies at once.
Your skin changes colour to match your surroundings (Stealth+).
Your rubbery body absorbs attacks. (AC +1, EV +1)


Message History

You see here 27 sling bullets.
p - 27 sling bullets Your +4 hunting sling of freezing is covered in frost.
c - a +4 hunting sling of freezing (weapon)
Found a stone staircase leading up.
There is a stone staircase leading up here.
You climb upwards.
Level annotation: exclusions: orc warrior and upstairs
There is a stone staircase leading down here.
There are monsters nearby!
You shoot a sling bullet. The sling bullet hits the orc wizard.
The sling bullet freezes the orc wizard.
You shoot a sling bullet. The sling bullet hits the orc wizard.
The sling bullet freezes the orc wizard.
You shoot a sling bullet.
The sling bullet barely misses the orc wizard.
You shoot a sling bullet. The sling bullet hits the orc wizard.
The sling bullet freezes the orc wizard.
You kill the orc wizard!
You shoot a sling bullet. The sling bullet hits the orc.
The sling bullet freezes the orc.
You kill the orc!
The orc warrior hits you from afar with a +0 glaive.
You take 1 damage, and have 40/41 hp.
Here: an orc warrior, wielding a +0 glaive and wearing a +4 plate armour The floor.
Unknown command.
Aim: an orc warrior, wielding a +0 glaive and wearing a +4 plate armour The orc warrior looks slightly unstable.
Aim: an orc warrior, wielding a +0 glaive and wearing a +4 plate armour The bolt of negative energy hits the orc warrior!
The orc warrior is drained!
The orc warrior hits you from afar with a +0 glaive.
You take 3 damage, and have 37/41 hp.
Aim: an orc warrior, wielding a +0 glaive and wearing a +4 plate armour (heavily wounded, lightly drained)
The orc warrior resists with significant effort.
The orc warrior disappears!
An orc warrior is nearby!
You regained 2 hp, and now have 39/41 hp.
Aim: an orc warrior, wielding a +0 glaive and wearing a +4 plate armour (moderately wounded, lightly drained)
The puff of flame misses the orc warrior.
Aim: an orc warrior, wielding a +0 glaive and wearing a +4 plate armour (moderately wounded, lightly drained)
The puff of flame misses the orc warrior.
The orc warrior closely misses you.
Aim: an orc warrior, wielding a +0 glaive and wearing a +4 plate armour (moderately wounded, lightly drained)
The mass of ice explodes!
The iceblast engulfs the orc warrior but does no damage.
The orc warrior barely misses you.
Aim: an orc warrior, wielding a +0 glaive and wearing a +4 plate armour (moderately wounded, lightly drained)
The orc warrior seems to speed up.
The orc warrior barely misses you.
As you read the scroll of teleportation, it crumbles to dust.
You feel strangely unstable.
The orc warrior hits you from afar with a +0 glaive!
You take 9 damage, and have 31/41 hp.
MASSIVE DAMAGE!!
Items here: $ ( ) [.
The orc warrior hits you from afar with a +0 glaive!
Things that are here:
17 gold pieces; a +0 club; 2 sling bullets You take 7 damage, and have 24/41 hp.
Unknown command.
Your surroundings suddenly seem different.
Floosh!
You start resting.
Health restored: 41
Found a stone staircase leading up.
There is a stone staircase leading up here.
There is a stone staircase leading up here.
You see here a spear.
You see here a spear.
An orc warrior is nearby!
Okay, then.
You can't see any susceptible monsters within range! (Use Z to cast anyway.)
The orc warrior shouts!
The orc warrior hits you from afar with a +0 glaive.
You take 4 damage, and have 37/41 hp.
The orc warrior is dazzled.
The orc warrior hits you from afar with a +0 glaive!
You take 8 damage, and have 29/41 hp.
You now have 7/10 mp.
Your +4 hunting sling of freezing stops glowing.
a - a +2 dagger (weapon)
The orc warrior misses you.
You hit the orc warrior but do no damage.
You grab the orc warrior.
You constrict the orc warrior, but do no damage.
You hit the orc warrior but do no damage.
You squeeze the orc warrior.
You constrict the orc warrior, but do no damage.
The orc warrior hits you with a +0 glaive!!
Ouch! That really hurt!
* * * LOW HITPOINT WARNING * * *
You take 22 damage, and have 8/41 hp.
MASSIVE DAMAGE!!
You release your grip on the orc warrior.
The orc warrior is no longer blind.
There is a stone staircase leading up here.
The orc warrior hits you from afar with a +0 glaive!
You die...
Your body crumbles into a pile of gold.

.........####.........#
.#.#..#### ####......#
......# ##......#
.).#..# #....#..#
......# #.##.#..#
...#..# #.##.#..#
.....)# #.##.#..#
...#..# ###.##.#..#
......#######...@..##.#
.#.#............#####.#
.....########..o#####.#
###### #.........#
#.#.#####.# #.#.# #.#
#.#.# #.# ####### #.#.#
##.## ..<...#
####.#.####...##


You could see an orc warrior.

Vanquished Creatures
  Blork the orc (D:4)
  A bullfrog (D:2)
  3 worker ants (D:4)
  Natasha (thrice) (D:2)
  An iguana (D:4)
  An orc wizard (D:4)
  2 gnolls (D:2)
  4 adders (D:2)
  An ooze (D:3)
  4 worms
  A dart slug (D:2)
  5 leopard geckos
  2 orcs (D:4)
  2 ball pythons
  3 giant cockroaches
  11 hobgoblins
  3 jackals (D:3)
  4 kobolds (D:1)
  2 quokkas (D:3)
  3 bats
  15 frilled lizards
  6 goblins
  8 rats
86 creatures vanquished.

Vanquished Creatures (others)
  7 plants (D:1)
7 creatures vanquished.

Grand Total: 93 creatures vanquished

Notes
Turn   | Place    | Note
-------+----------+-------------------------------------------
     0 | D:1      | sokol815 the Octopode Enchanter began the quest for the
                  | Orb.
     0 | D:1      | Reached XP level 1. HP: 11/11 MP: 3/3
   229 | D:1      | Reached skill level 2 in Short Blades
   229 | D:1      | Reached XP level 2. HP: 16/17 MP: 3/5
  1110 | D:1      | Reached XP level 3. HP: 21/21 MP: 6/6
  1315 | D:1      | HP: 4/21 [leopard gecko (3)]
  1744 | D:2      | Reached skill level 3 in Short Blades
  1769 | D:2      | Reached XP level 4. HP: 17/27 MP: 5/7
  1918 | D:2      | Noticed a bullfrog
  1942 | D:2      | Killed a bullfrog
  1943 | D:2      | Reached skill level 4 in Hexes
  1943 | D:2      | Reached XP level 5. HP: 18/31 MP: 5/8
  2168 | D:2      | Noticed Natasha
  2293 | D:2      | Killed Natasha
  2294 | D:2      | Reached skill level 4 in Short Blades
  2518 | D:2      | HP: 7/31 [gnoll/+0 spear (10)]
  2840 | D:2      | Noticed Natasha
  2849 | D:2      | Killed Natasha
  2850 | D:2      | Reached XP level 6. HP: 35/36 MP: 9/9
  2909 | D:2      | Noticed Natasha
  2918 | D:2      | Killed Natasha
  3077 | D:3      | Found a faded altar of an unknown god.
  3194 | D:3      | Learned a level 3 spell: Dazzling Flash
  3247 | D:3      | Found a stormy altar of Qazlal.
  3585 | D:4      | Noticed an orc warrior
  3593 | D:4      | Found a hazy altar of Hepliaklqana.
  3738 | D:4      | Found a staircase to the Ecumenical Temple.
  3750 | Temple   | Entered the Ecumenical Temple
  3949 | D:4      | Reached skill level 5 in Hexes
  3957 | D:4      | Noticed Blork the orc
  4043 | D:4      | Reached skill level 1 in Conjurations
  4232 | D:4      | Found an opulent altar of Gozag.
  4241 | D:4      | Became a worshipper of Gozag Ym Sagoz the Greedy
  4305 | D:4      | Killed Blork the orc
  4306 | D:4      | Reached skill level 5 in Short Blades
  4306 | D:4      | Reached skill level 2 in Conjurations
  4306 | D:4      | Reached XP level 7. HP: 39/41 MP: 10/10
  4384 | D:5      | Entered Level 5 of the Dungeon
  4870 | D:4      | HP: 8/41 [orc warrior/+0 glaive (22)]
  4873 | D:4      | Mangled by an orc warrior

Illustrated notes

Levels and vault maps discovered:
D:1:      amcnicky_arrival_single_pillar, layout_basic, minmay_lizard_king
D:2:      layout_rooms, uniq_natasha
D:3:      layout_rooms, lemuel_doored_altar, chequers_ecumenical_altar_simple,
          minmay_statues_item
D:4:      layout_loops_ring, lemuel_coloured_pillars_altar,
          grunt_temple_overflow_open, minmay_temple_entry_glass,
          grunt_decor_junction, hangedman_decor_peaks_small, uniq_blork_the_orc
D:5:      layout_rooms, chequers_serial_rivers_small_3
Temple:   nicolae_temple_elliptical

Skill      XL: |  1  2  3  4  5  6 |
---------------+-------------------+-----
Short Blades   | 2 3 4 5 |  5.1
Hexes          | 4 5 |  5.0
Conjurations   | 2 |  2.7
Dodging        | |  2.0
Stealth        | |  4.0
Spellcasting   | |  2.0

Action                   |  1- 3 |  4- 6 |  7- 9 || total
-------------------------+-------+-------+-------++-------
Melee: Dagger            |    79 |    97 |     3 ||   179
       Constrict         |    16 |    14 |     1 ||    31
       Tentacles         |     4 |    13 |     1 ||    18
 Fire: Hunting sling     |       |    62 |     5 ||    67
Throw: Stone             |     3 |       |       ||     3
 Cast: Corona            |     6 |     6 |       ||    12
       Dazzling Flash    |       |       |     1 ||     1
Evoke: Wand              |       |     1 |     7 ||     8
  Use: Scroll            |       |     9 |     1 ||    10
       Potion            |       |     1 |       ||     1
 Stab: Sleeping          |    13 |    11 |     1 ||    25
       Distracted        |       |     1 |       ||     1
Armor: Skin              |     5 |    18 |       ||    23
Dodge: Dodged            |    36 |    54 |     4 ||    94

Table legend: (Time is in decaauts)
 A = Elapsed time spent in this place.
 B = Non-inter-level travel time spent in this place.
 C = Inter-level travel time spent in this place.
 D = Time resting spent in this place.
 E = Time spent auto-exploring this place.
 F = Levels seen in this place.
 G = Mean time per level.
                   A        B        C        D        E       F      G
               +--------+--------+--------+--------+--------+-----+--------+
         Total |   4853 |   4716 |    137 |   1608 |   2351 |   6 |  808.8 |
       Dungeon |   4677 |   4569 |    108 |   1608 |   2209 |   5 |  935.4 |
        Temple |    176 |    147 |     29 |      0 |    142 |   1 |  176.0 |
               +--------+--------+--------+--------+--------+-----+--------+

Top non-repeatable levels by time:
     D:1: 1719 daAuts
     D:2: 1329 daAuts
     D:4: 816 daAuts
     D:3: 616 daAuts
     D:5: 196 daAuts
  Temple: 176 daAuts

Table legend:
 A = Kills in this place as a percentage of kills in entire the game.
 B = Kills by you in this place as a percentage of kills by you in the entire game.
 C = Kills by friends in this place as a percentage of kills by friends in the entire game.
 D = Other kills in this place as a percentage of other kills in the entire game.
 E = Experience gained in this place as a percentage of experience gained in the entire game.
 F = Experience gained in this place divided by the number of levels of this place that you have seen.
                   A       B       C       D       E      F
               +-------+-------+-------+-------+-------+----------------------
         Total | 100.0 | 100.0 |   N/A |   N/A | 100.0 | 115.5
       Dungeon | 100.0 | 100.0 |   N/A |   N/A | 100.0 | 138.6
               +-------+-------+-------+-------+-------+----------------------
